 Dungeon Crawl Stone Soup version 0.23.2-1-ga50397a6bc (webtiles) character file.

Game seed: 3075869141540762815

186 Menchi the Shield-Bearer (level 5, -4/47 HPs)
             Began as a Gnoll Fighter on May 16, 2019.
             Slain by a scorpion (6 damage)
             ... on level 3 of the Dungeon.
             The game lasted 00:04:30 (2199 turns).

Menchi the Shield-Bearer (Gnoll Fighter)            Turns: 2199, Time: 00:04:32

Health: -4/47      AC:  7    Str: 19    XL:     5   Next: 65%
Magic:  7/7        EV: 10    Int: 11    God:
Gold:   116        SH:  0    Dex: 14    Spells: 7/7 levels left

rFire    . . .     SeeInvis .   l - +0 spear
rCold    . . .     Gourm    .   (no shield)
rNeg     . . .     Faith    .   b - +0 scale mail
rPois    .         Spirit   .   (no helmet)
rElec    .         Reflect  .   (no cloak)
rCorr    .         Harm     .   (no gloves)
MR       .....                  (no boots)
Stlth    ..........             (no amulet)
HPRegen  0.15/turn              (no ring)
MPRegen  0.10/turn              (no ring)

@: lethally poisoned (-4 -> -23)
A: distributed training, fangs 1, strong nose
a: no special abilities


You were on level 3 of the Dungeon.
You were not hungry.

You visited 1 branch of the dungeon, and saw 3 of its levels.

You collected 116 gold pieces.

Inventory:

Hand Weapons
 l - a +0 spear (weapon)
Armour
 b - a +0 scale mail (worn)
 c - a +0 shield
Scrolls
 g - a scroll of immolation
 h - a scroll of remove curse
Potions
 i - a potion of cancellation
 j - 2 potions of brilliance
 k - a potion of magic
Comestibles
 d - 8 chunks of flesh
 f - 4 rations


   Skills:
 + Level 6.7 Fighting
 + Level 1.5 Short Blades
 + Level 1.5 Long Blades
 + Level 1.5 Axes
 + Level 1.5 Maces & Flails
 + Level 4.8 Polearms
 + Level 1.5 Staves
 + Level 1.5 Slings
 + Level 1.5 Bows
 + Level 1.5 Crossbows
 + Level 1.5 Throwing
 + Level 6.7 Armour
 + Level 1.5 Dodging
 + Level 1.5 Stealth
 + Level 6.7 Shields
 + Level 1.5 Unarmed Combat
 + Level 1.5 Spellcasting
 + Level 1.2 Conjurations
 + Level 1.2 Hexes
 + Level 1.2 Charms
 + Level 1.2 Summonings
 + Level 1.2 Necromancy
 + Level 1.2 Translocations
 + Level 1.2 Transmutations
 + Level 1.2 Fire Magic
 + Level 1.2 Ice Magic
 + Level 1.2 Air Magic
 + Level 1.2 Earth Magic
 + Level 1.2 Poison Magic
 + Level 1.7 Invocations
 + Level 1.5 Evocations


You had 7 spell levels left.
You didn't know any spells.
Your spell library was empty.

Dungeon Overview and Level Annotations

Branches:
Dungeon (3/15)

Altars:
Fedhas
Yredelemnul


Innate Abilities, Weirdness & Mutations

Your experience applies equally to all skills.
You have very sharp teeth.
Your uncanny sense of smell can sniff out nearby items.


Message History

You feel sick. The scorpion stings you.
* * * LOW HITPOINT WARNING * * *
You are lethally poisoned!
The scorpion poisons you!
You hit the scorpion.
You bite the scorpion, but do no damage.
The scorpion is severely wounded.
* * * LOW HITPOINT WARNING * * *
You feel sick.
The orc hits you from afar with a +0 trident.
* * * LOW HITPOINT WARNING * * *
The scorpion stings you but does no damage.
You closely miss the scorpion.
The scorpion is severely wounded.
* * * LOW HITPOINT WARNING * * *
You feel sick.
The orc hits you from afar with a +0 trident.
* * * LOW HITPOINT WARNING * * *
The scorpion stings you.
You die...

##.#.>......# #
#.####.###.# .# ∆
#.# #.###.###.##.
#+ #.)..........
##.##.#.###.
#.##.#.# #
##.##...#### .#.#
...........%#o..#
...........@sK.#
∆
..#.##....#.#b..#
..#.........#
.#.# ###.###.###
# ... ..# ###.
####


You could see a scorpion, an orc, a bat and a kobold.

Vanquished Creatures
  10 gnolls (D:2)
  4 adders
  2 worms (D:3)
  A dart slug (D:1)
  A leopard gecko (D:2)
  4 goblins
  7 hobgoblins
  2 jackals (D:1)
  5 kobolds (D:1)
  A quokka (D:2)
  A ball python (D:1)
  8 bats
  A frilled lizard (D:2)
  7 rats
54 creatures vanquished.

Notes
Turn   | Place    | Note
-------+----------+-------------------------------------------
     0 | D:1      | Menchi the Gnoll Fighter began the quest for the Orb.
     0 | D:1      | Reached XP level 1. HP: 23/23 MP: 1/1
    75 | D:1      | Reached XP level 2. HP: 29/29 MP: 2/2
   454 | D:1      | Reached XP level 3. HP: 34/35 MP: 3/3
   742 | D:2      | Reached skill level 1 in Invocations
   791 | D:2      | Reached skill level 1 in Short Blades
   791 | D:2      | Reached skill level 1 in Long Blades
   791 | D:2      | Reached skill level 1 in Axes
   791 | D:2      | Reached skill level 1 in Maces & Flails
   791 | D:2      | Reached skill level 1 in Staves
   791 | D:2      | Reached skill level 1 in Slings
   791 | D:2      | Reached skill level 1 in Bows
   791 | D:2      | Reached skill level 1 in Crossbows
   791 | D:2      | Reached skill level 1 in Throwing
   791 | D:2      | Reached skill level 1 in Dodging
   791 | D:2      | Reached skill level 1 in Stealth
   791 | D:2      | Reached skill level 1 in Unarmed Combat
   791 | D:2      | Reached skill level 1 in Spellcasting
   791 | D:2      | Reached skill level 1 in Evocations
   839 | D:2      | Reached XP level 4. HP: 22/41 MP: 5/5
  1010 | D:2      | Reached skill level 1 in Conjurations
  1010 | D:2      | Reached skill level 1 in Hexes
  1010 | D:2      | Reached skill level 1 in Charms
  1010 | D:2      | Reached skill level 1 in Summonings
  1010 | D:2      | Reached skill level 1 in Necromancy
  1010 | D:2      | Reached skill level 1 in Translocations
  1010 | D:2      | Reached skill level 1 in Transmutations
  1010 | D:2      | Reached skill level 1 in Fire Magic
  1010 | D:2      | Reached skill level 1 in Ice Magic
  1010 | D:2      | Reached skill level 1 in Air Magic
  1010 | D:2      | Reached skill level 1 in Earth Magic
  1010 | D:2      | Reached skill level 1 in Poison Magic
  1362 | D:2      | Reached XP level 5. HP: 6/47 MP: 6/6
  1780 | D:2      | Found a blossoming altar of Fedhas.
  1926 | D:2      | Found a basalt altar of Yredelemnul.
  2199 | D:3      | HP: 2/47 [orc/+0 trident (3)]
  2199 | D:3      | Slain by a scorpion

Skill      XL: |  1  2  3  4 |
---------------+-------------+-----
Invocations    | 1 |  1.7
Short Blades   | 1 |  1.5
Long Blades    | 1 |  1.5
Axes           | 1 |  1.5
Maces & Flails | 1 |  1.5
Staves         | 1 |  1.5
Slings         | 1 |  1.5
Bows           | 1 |  1.5
Crossbows      | 1 |  1.5
Throwing       | 1 |  1.5
Dodging        | 1 |  1.5
Stealth        | 1 |  1.5
Unarmed Combat | 1 |  1.5
Spellcasting   | 1 |  1.5
Evocations     | 1 |  1.5
Conjurations   | 1 |  1.2
Hexes          | 1 |  1.2
Charms         | 1 |  1.2
Summonings     | 1 |  1.2
Necromancy     | 1 |  1.2
Translocations | 1 |  1.2
Transmutations | 1 |  1.2
Fire Magic     | 1 |  1.2
Ice Magic      | 1 |  1.2
Air Magic      | 1 |  1.2
Earth Magic    | 1 |  1.2
Poison Magic   | 1 |  1.2
Fighting       | |  6.7
Polearms       | |  4.8
Armour         | |  6.7
Shields        | |  6.7

Action                   |  1- 3 |  4- 6 || total
-------------------------+-------+-------++-------
Melee: Trident           |   101 |    55 ||   156
       Bite              |    10 |    10 ||    20
       Spear             |       |    33 ||    33
  Use: Scroll            |     1 |     6 ||     7
       Potion            |       |     2 ||     2
  Eat: Chunk             |       |     4 ||     4
Armor: Scale mail        |    37 |    38 ||    75
Dodge: Dodged            |    37 |    46 ||    83
